 Dungeon Crawl Stone Soup version 0.31-a0-83-gbff143cfd1 (webtiles) character file.

Game seed: 13374844915322777506

177 Esekla the Sneak (level 5, -4/37 HPs)
             Began as an Octopode Delver on May 24, 2023.
             Slain by a hound (5 damage)
             ... on level 7 of the Dungeon.
             The game lasted 00:09:53 (2243 turns).

Esekla the Sneak (Octopode Delver)                  Turns: 2243, Time: 00:09:53

Health: -4/37      AC:  1    Str: 11    XL:     5   Next: 57%
Magic:  7/7        EV: 13    Int: 15    God:
Gold:   72         SH:  0    Dex: 13    Spells: 6/6 levels left

rFire   . . .        a - +0 falchion
rCold   . . .        (no shield)
rNeg    . . .        (helmet restricted)
rPois   .            (no amulet)
rElec   .            (no ring)
rCorr   .            (no ring)
SInv    .            (no ring)
Will    .....        (no ring)
Stlth   +++++        (no ring)
HPRegen 0.26/turn    (no ring)
MPRegen 0.10/turn    (no ring)
                     (no ring)

%: no passive effects
@: no status effects
A: almost no armour, amphibious, 8 rings, camouflage 1, gelatinous body 1,
(nimble swimmer 1), tentacles
a: no special abilities


You were on level 7 of the Dungeon.
You visited 2 branches of the dungeon, and saw 5 of its levels.

You collected 72 gold pieces.

Inventory:

Hand Weapons
 a - a +0 falchion (weapon)
 k - a +0 dagger
Missiles
 g - 5 boomerangs (quivered)
Wands
 f - a wand of digging (4)
Scrolls
 b - a scroll of fog
 h - a scroll of teleportation {unknown}
 i - a scroll of immolation {unknown}
 l - a scroll of vulnerability {unknown}
Potions
 c - 3 potions of curing
 d - a potion of heal wounds {unknown}
 e - a potion of haste
 j - a potion of attraction {unknown}


   Skills:
 * Level 3.9 Fighting
 * Level 3.0 Long Blades
 * Level 2.6 Dodging
 + Level 7.9 Stealth
 * Level 1.3 Spellcasting


You had 6 spell levels left.
You didn't know any spells.
Your spell library contained the following spells:

 Spells                   Type           Power      Damage    Failure   Level
 Shock                    Conj/Air       0%         1d3       26%         1
 Call Canine Familiar     Summ           1%         N/A       56%         3
 Swiftness                Air            1%         N/A       56%         3
 Portal Projectile        Hex/Tloc       0%         N/A       58%         3
 Airstrike                Air            0%         2d(1-17)  93%         4
 Leda's Liquefaction      Hex/Erth       0%         N/A       94%         4


Dungeon Overview and Level Annotations

Branches:
Dungeon (7/15)             Temple (1/1) D:5

Altars:
Ashenzari
Cheibriados
Dithmenos
Elyvilon
Gozag
Hepliaklqana
Kikubaaqudgha
Makhleb
Nemelex Xobeh
Okawaru
Qazlal
Trog
Uskayaw
Vehumet
Wu Jian
Xom
Yredelemnul

Shops:
D:4 *   D:5 (

Annotations:
D:5 Dowan, Duvessa


Innate Abilities, Weirdness & Mutations

You cannot wear most types of armour.
You are amphibious.
You can wear up to eight rings at the same time.
Your skin changes colour to match your surroundings (Stealth+).
Your rubbery body absorbs attacks. (AC +1, EV +1)
((You are camouflaged when in or above water. (Stealth+)))
You have tentacles for arms and can constrict up to eight enemies at once.


Message History

The bullfrog gives a loud, deep croak!
The hound barks!
The bullfrog gives a loud, deep croak!
You hit the bullfrog. You grab the bullfrog. You squeeze the bullfrog!
The bullfrog is heavily wounded.
You constrict the bullfrog. The bullfrog hits you.
The bullfrog barely misses you.
You hit the bullfrog.
The bullfrog is heavily wounded.
You constrict the bullfrog. The bullfrog hits you!
* * * LOW HITPOINT WARNING * * *
The bullfrog hits you but does no damage.
Okay, then.
You barely miss the bullfrog. Your grab misses the bullfrog.
You squeeze the bullfrog!
The bullfrog is moderately wounded.
You constrict the bullfrog. The bullfrog misses you.
The bullfrog closely misses you. The bullfrog hits you.
* * * LOW HITPOINT WARNING * * *
You barely miss the bullfrog. Your grab misses the bullfrog.
You squeeze the bullfrog.
The bullfrog is heavily wounded.
You constrict the bullfrog. The bullfrog closely misses you.
The bullfrog hits you.
* * * LOW HITPOINT WARNING * * *
The bullfrog hits you.
* * * LOW HITPOINT WARNING * * *
The bullfrog closely misses you.
It was a potion of curing.
You feel better.
You constrict the bullfrog. The bullfrog barely misses you.
The hound bites you.
* * * LOW HITPOINT WARNING * * *
The bullfrog closely misses you. The bullfrog barely misses you.
You closely miss the bullfrog. Your grab misses the bullfrog.
You squeeze the bullfrog!
The bullfrog is almost dead.
You constrict the bullfrog.
You kill the bullfrog!
The hound bites you.
* * * LOW HITPOINT WARNING * * *
The bullfrog closely misses you. The hound bites you.
You die...

#.$$.$#.########
.+.._..#........#
.#.$..$#......$.#
.#$....#.....>..#
.#######........#
................#
#..h.........#
#..†@........#
......F.........#
...............(#####
......#######........#
...... #.######.#
...[.. #.....##.#
..... ####..##.##Y#
.?... #......#.##.#
#......#.##.#


You could see a bullfrog and a hound.

Vanquished Creatures
  2 bullfrogs
  2 iguanas (D:6)
  A sleepcap (D:7)
  An adder (D:6)
  2 ufetubi
  4 orcs
  A ball python (D:4)
  2 endoplasms (D:4)
  A giant cockroach (D:4)
  A goblin (D:4)
17 creatures vanquished.

Notes
Turn   | Place    | Note
-------+----------+-------------------------------------------
     0 | D:5      | Esekla the Octopode Delver began the quest for the Orb.
     0 | D:5      | Reached XP level 1. HP: 16/16 MP: 1/1
     3 | D:5      | Noticed Duvessa
     6 | D:5      | Noticed Dowan
    27 | D:5      | Noticed a water moccasin
    41 | D:5      | Found a staircase to the Ecumenical Temple.
    50 | Temple   | Entered the Ecumenical Temple
   218 | D:5      | Found Fadus's Antique Weapon Boutique.
   463 | D:4      | Found a sparkling altar of Nemelex Xobeh.
   481 | D:4      | Reached XP level 2. HP: 21/21 MP: 2/2
   518 | D:4      | Found Peaklety's Mass Market.
   557 | D:4      | Found a shadowy altar of Dithmenos.
  1164 | D:4      | Reached skill level 7 in Stealth
  1307 | D:6      | Reached XP level 3. HP: 14/26 MP: 3/3
  1544 | D:6      | Noticed a water moccasin
  1760 | D:6      | Found a bloodstained altar of Trog.
  1760 | D:6      | Noticed an orc warrior
  1784 | D:6      | Noticed a bullfrog
  1791 | D:6      | Killed a bullfrog
  1792 | D:6      | Reached skill level 1 in Spellcasting
  1792 | D:6      | Reached XP level 4. HP: 33/33 MP: 5/5
  1792 | D:6      | Reached XP level 5. HP: 37/37 MP: 6/6
  2187 | D:7      | Found an opulent altar of Gozag.
  2211 | D:7      | Noticed a sky beast
  2232 | D:7      | Found an ornate altar of the Wu Jian Council.
  2243 | D:7      | HP: 1/37 [hound (4)]
  2243 | D:7      | Slain by a hound

Illustrated notes

Levels and vault maps discovered:
D:4:      layout_gridville, mainiacjoe_overflow_alcove_1,
          mainiacjoe_overflow_catwalk, kennysheep_nondescript, minmay_shop_mass
D:5:      layout_cave_pools, temple_pool_b, serial_shops, nicolae_stop_n_shop_1,
          gammafunk_ghost_arena, uniq_duvessa, uniq_eustachio
D:6:      layout_basic, nzn_overflow_gifts_of_might_and_magic,
          grunt_ministairs_4, minmay_statues_item, corexii_hall_statues_x
D:7:      layout_basic, pdpol_temple_overflow_zin_treasury_gozag_greed,
          amcnicky_altar_gilded, nicolae_tso_swordbearing_angel
Temple:   minmay_temple_bridge_abc

Skill      XL: |  1  2  3  4  5 |
---------------+----------------+-----
Stealth        | 7 |  7.9
Spellcasting   | 1 |  1.3
Long Blades    | 3 |  3.0
Fighting       | |  3.9
Dodging        | |  2.6

Action                     |  1- 3 |  4- 6 || total
---------------------------+-------+-------++-------
  Melee: Falchion          |    29 |    23 ||    52
         Constrict         |     8 |     6 ||    14
         Tentacles         |     8 |     9 ||    17
         Dagger            |     2 |     2 ||     4
    Use: Scroll            |     2 |       ||     2
         Potion            |       |     1 ||     1
   Stab: Sleeping          |     2 |       ||     2
 Armour: Skin              |       |     2 ||     2
  Dodge: Dodged            |    25 |    26 ||    51

Table legend: (Time is in decaauts)
 A = Elapsed time spent in this place.
 B = Non-inter-level travel time spent in this place.
 C = Inter-level travel time spent in this place.
 D = Time resting spent in this place.
 E = Time spent auto-exploring this place.
 F = Levels seen in this place.
 G = Mean time per level.
                   A        B        C        D        E       F      G
               +--------+--------+--------+--------+--------+-----+--------+
         Total |   2249 |   2131 |    118 |    332 |    500 |   5 |  449.8 |
       Dungeon |   2118 |   2024 |     94 |    332 |    401 |   4 |  529.5 |
        Temple |    131 |    107 |     24 |      0 |     99 |   1 |  131.0 |
               +--------+--------+--------+--------+--------+-----+--------+

Top non-repeatable levels by time:
     D:4: 977 daAuts
     D:6: 633 daAuts
     D:5: 273 daAuts
     D:7: 233 daAuts
  Temple: 131 daAuts
